 Dungeon Crawl Stone Soup version 0.30.2 (webtiles) character file.

Game seed: 10854768873821361748

79 porpoise the Sneak (level 4, -3/34 HPs)
             Began as a Demonspawn Brigand on Jan 24, 2024.
             Succumbed to an orc's poison
             ... on level 3 of the Dungeon.
             The game lasted 00:07:31 (2006 turns).

porpoise the Sneak (Demonspawn Brigand)             Turns: 2006, Time: 00:07:32

Health: -3/34      AC:  8    Str: 11    XL:     4   Next: 16%
Magic:  4/4        EV: 10    Int: 12    God:
Gold:   105        SH:  0    Dex: 17    Spells: 3/3 levels left

rFire   . .          .
                       - Unarmed
rCold   . . .        (no shield)
rNeg    . . .        m - +0 ring mail
rPois   .            (no helmet)
rElec   .            c - +0 cloak
rCorr   .            (no gloves)
SInv    .            (no boots)
Will    .....        (no amulet)
Stlth   ++           (no ring)
HPRegen 0.25/turn    (no ring)
MPRegen 0.09/turn

%: no passive effects
@: lethally poisoned (-3 -> -26)
A: claws 1, icy blue scales 1
a: no special abilities


You were on level 3 of the Dungeon.
You visited 1 branch of the dungeon, and saw 3 of its levels.

You collected 105 gold pieces.

Inventory:

Hand Weapons
 b - a +2 dagger
 n - the +4 spear of Wondrous Power {pain, rCorr}
   (You found it on level 2 of the Dungeon)

   rCorr:     It protects you from acid and corrosion.
Missiles
 d - 17 poisoned darts (quivered)
 e - 3 curare-tipped darts
 f - 4 javelins
 g - 6 boomerangs of dispersal
Armour
 c - a +0 cloak (worn)
 m - a +0 ring mail (worn)
Jewellery
 t - an amulet of faith
Scrolls
 a - a scroll of acquirement {unknown}
 i - a scroll of noise {unknown}
 p - a scroll of poison {unknown}
 q - a scroll of blinking {unknown}
 r - a scroll of fog {unknown}
Potions
 h - a potion of resistance
 j - a potion of brilliance
 k - a potion of ambrosia
 l - a potion of might {unknown}
 o - a potion of heal wounds {unknown}
 s - a potion of curing {unknown}
 u - a potion of degeneration {unknown}


   Skills:
 + Level 2.7 Fighting
 - Level 2.1 Short Blades
 - Level 1.7 Throwing
 - Level 0.8 Dodging
 + Level 4.1 Stealth
 * Level 2.0 Unarmed Combat


You had 3 spell levels left.
You didn't know any spells.
Your spell library contained the following spells:

 Spells                   Type           Power      Damage    Failure   Level
 Beastly Appendage        Tmut           0%         N/A       63%         1
 Magic Dart               Conj           0%         1d3       63%         1
 Call Imp                 Summ           0%         N/A       77%         2
 Searing Ray              Conj           0%         2d4       77%         2
 Wereblood                Tmut           0%         N/A       77%         2
 Mephitic Cloud           Conj/Pois/Air  0%         N/A       94%         3
 Spider Form              Tmut/Pois      0%         N/A       94%         3
 Fulminant Prism          Conj/Hex       0%         3d5       100%        4


Dungeon Overview and Level Annotations

Branches:
Dungeon (3/15)

Altars:
Xom


Innate Abilities, Weirdness & Mutations

You have sharp fingernails.
You are partially covered in icy blue scales. (AC +2)


Message History

You completely miss the orc. You claw the orc.
The orc is heavily wounded.
The orc barely misses you.
You closely miss the orc.
The orc is heavily wounded.
The orc barely misses you.
You scratch the orc.
You kill the orc!
You scratch the orc but do no damage. The orc hits you but does no damage.
You claw the orc!
You kill the orc!
No target in view!
You now have 105 gold pieces (gained 5).
Items here: ))) [ †.
An orc comes into view. It is wielding a +2 trident of venom.
The orc shouts!
The orc hits you with a +2 trident of venom.
You barely miss the orc.
The orc hits you with a +2 trident of venom.
You are poisoned.
You closely miss the orc.
You feel sick.
The orc hits you with a +2 trident of venom.
You are more poisoned.
You barely miss the orc.
You feel very sick.
The orc hits you with a +2 trident of venom.
You are more poisoned.
You are too injured to fight recklessly!
You are too injured to fight recklessly!
You closely miss the orc.
* * * LOW HITPOINT WARNING * * *
You feel very sick. The orc hits you but does no damage.
You are more poisoned.
You claw the orc!
You kill the orc!
* * * LOW HITPOINT WARNING * * *
You feel extremely sick.
Your Unarmed Combat skill increases to level 2!
You die...

#.# #...#
#.###...#
##...####
##.## #.#
#.# #.#
#.# #@#
#.# #.#
..# ###


There were no monsters in sight!

Vanquished Creatures
  2 worms (D:2)
  5 dart slugs
  4 orcs (D:3)
  2 endoplasms (D:1)
  3 giant cockroaches (D:1)
  2 goblins (D:2)
  7 hobgoblins
  6 jackals
  3 kobolds
  2 quokkas (D:1)
  5 ball pythons
  6 bats
  3 frilled lizards (D:1)
  4 rats
54 creatures vanquished.

Notes
Turn   | Place    | Note
-------+----------+-------------------------------------------
     0 | D:1      | porpoise the Demonspawn Brigand began the quest for the
                  | Orb.
     0 | D:1      | Reached XP level 1. HP: 16/16 MP: 1/1
   148 | D:1      | Gained mutation: You have sharp fingernails. [demonic
                  | ancestry]
   148 | D:1      | Reached XP level 2. HP: 22/22 MP: 2/2
   480 | D:1      | Reached skill level 1 in Unarmed Combat
   580 | D:1      | Reached XP level 3. HP: 28/28 MP: 3/3
   997 | D:2      | Reached skill level 4 in Stealth
  1087 | D:2      | Identified the +4 spear of Wondrous Power {pain, rCorr}
  1436 | D:2      | Found a shimmering altar of Xom.
  1608 | D:2      | Gained mutation: You are partially covered in icy blue
                  | scales. (AC +2) [demonic ancestry]
  1608 | D:2      | Reached XP level 4. HP: 34/34 MP: 4/4
  2006 | D:3      | Succumbed to an orc's poison

Illustrated notes

Levels and vault maps discovered:
D:1:      ldierk_walled_garden_2, layout_basic, minmay_misc_feat_tower
D:2:      layout_basic, basic_altar, kennysheep_generic_room_6
D:3:      layout_loops_ring, minmay_overflow_temple_star_hex

Skill      XL: |  1  2  3  4 |
---------------+-------------+-----
Short Blades   | 2 |  2.1
Unarmed Combat | 1 2 |  2.0
Stealth        | 4 |  4.1
Fighting       | |  2.7
Throwing       | |  1.7
Dodging        | |  0.8

Action                     |  1- 3 |  4- 6 || total
---------------------------+-------+-------++-------
  Melee: Dagger            |   106 |       ||   106
         Unarmed           |    65 |    32 ||    97
         Spear             |    11 |       ||    11
         Punch             |     1 |     1 ||     2
    Use: Scroll            |     3 |       ||     3
   Stab: Sleeping          |     6 |       ||     6
 Armour: Robe              |    22 |       ||    22
         Ring mail         |    29 |    11 ||    40
  Dodge: Dodged            |    75 |    12 ||    87
